 Dungeon Crawl Stone Soup version 0.31-a0-549-gf98fd537a9 (webtiles) character file.

Game seed: 9948827274825893733

35 Bnni the Vexing (level 3, 0/18 HPs)
             Began as a Spriggan Hexslinger on Aug 16, 2023.
             Killed from afar by Sigmund (5 damage)
             ... with a magic dart
             ... on level 2 of the Dungeon.
             The game lasted 00:02:16 (1240 turns).

Bnni the Vexing (Spriggan Hexslinger)               Turns: 1240, Time: 00:02:17

Health: 0/18       AC:  2    Str:  4    XL:     3   Next: 17%
Magic:  0/7        EV: 17    Int: 14    God:
Gold:   46         SH:  5    Dex: 19    Spells: 2/6 levels left

rFire   . . .        a - +1 sling
rCold   . . .        (no shield)
rNeg    . . .        c - +0 robe
rPois   .            (helmet restricted)
rElec   .            (no cloak)
rCorr   .            (gloves unavailable)
SInv    +            (boots unavailable)
Will    .....        i - amulet of reflection
Stlth   ++           (no ring)
HPRegen 0.23/turn    (no ring)
MPRegen 0.10/turn

%: reflection
@: very quick
A: very small, no large weapons, unfitting armour, see invisible, speed 3
a: no special abilities


You were on level 2 of the Dungeon.
You visited 1 branch of the dungeon, and saw 2 of its levels.

You collected 46 gold pieces.

Inventory:

Hand Weapons
 a - a +1 sling (weapon)
 g - a +2 hand axe of electrocution
Armour
 c - a +0 robe (worn)
Jewellery
 i - an amulet of reflection (around neck)
Scrolls
 b - a scroll of poison
 d - a scroll of fear {unknown}
 f - 2 scrolls of noise {unknown}
 h - a scroll of vulnerability {unknown}
Potions
 e - a potion of mutation {unknown}
 j - a potion of heal wounds {unknown}


   Skills:
 + Level 1.1 Fighting
 * Level 2.7 Ranged Weapons
 - Level 2.6 Dodging
 + Level 2.0 Spellcasting
 * Level 4.2 Hexes
 + Level 0.0 Fire Magic


You had 2 spell levels left.
You knew the following spells:

 Your Spells              Type           Power      Damage    Failure   Level
a - Slow                  Hex            52%        N/A       4%          1
b - Inner Flame           Hex/Fire       7%         N/A       30%         3

Your spell library contained the following spells:

 Spells                   Type           Power      Damage    Failure   Level
 Portal Projectile        Hex/Tloc       14%        N/A       30%         3
 Cause Fear               Hex            6%         N/A       38%         4
 Vhi's Electric Charge    Tloc/Air       2%         N/A       56%         3
 Arcjolt                  Conj/Air       0%         1d10      100%        5
 Plasma Beam              Fire/Air       0%         2x1d10    100%        6


Dungeon Overview and Level Annotations

Branches:
Dungeon (2/15)

Altars:

Annotations:
D:2 Sigmund


Innate Abilities, Weirdness & Mutations

You are very small and have problems with some larger weapons.
You are too small for most types of armour.
You have supernaturally acute eyesight. (SInv)
You cover ground extremely quickly. (Speed+++)


Message History

You shoot a sling bullet. The sling bullet hits Sigmund.
Sigmund is moderately wounded.
You shoot a sling bullet.
The sling bullet completely misses Sigmund.
Sigmund points at you and mumbles some strange words.
You resist with some effort.
Casting: Inner Flame (astonishingly dangerous; 30% risk of failure)
Confirm with . or Enter, or press ? or * to list all spells.
Aiming: Slow (safe; 4% risk of failure)
Press: ? - help, Shift-Dir - straight line, f/p - Sigmund
Aim: Sigmund, wielding a +0 scythe and wearing a +0 robe (moderately wounded, slightly transparent, chance to affect: 55%) Sigmund seems to slow down.
You shoot a sling bullet. The sling bullet hits Sigmund.
Sigmund is heavily wounded.
You shoot a sling bullet. The sling bullet hits Sigmund.
Sigmund is heavily wounded.
You shoot a sling bullet. The sling bullet hits Sigmund!
Sigmund is severely wounded.
Sigmund is no longer moving slowly.
Sigmund points at you and mumbles some strange words.
You resist with some effort.
You shoot a sling bullet.
The sling bullet closely misses Sigmund.
You shoot a sling bullet.
The sling bullet closely misses Sigmund.
Sigmund gestures at you while chanting. The magic dart hits you.
Sigmund gestures at you while chanting. The magic dart hits you!
Ouch! That really hurt!
* * * LOW HITPOINT WARNING * * *
Casting: Slow (safe; 4% risk of failure)
Confirm with . or Enter, or press ? or * to list all spells.
Aiming: Slow (safe; 4% risk of failure)
Press: ? - help, Shift-Dir - straight line, f/p - Sigmund
Aim: Sigmund, wielding a +0 scythe and wearing a +0 robe (severely wounded, slightly transparent, chance to affect: 55%) Sigmund resists with significant effort.
Sigmund points at you and mumbles some strange words.
The magic dart hits you.
You die...

#.# #@# #.#
########## #.#
#......... #.#
#.######## #.#
#.###### #.#
#......# #.#
###..###.# #@#
#....# #.#
#.###.##.###.####.
#.....##..........
###########.######
#.#### #....#
####.# #.# #<#


You could see Sigmund (invisible).

Vanquished Creatures
  A dart slug (D:1)
  4 ball pythons
  3 endoplasms (D:1)
  3 giant cockroaches (D:1)
  2 goblins
  5 hobgoblins (D:1)
  2 kobolds
  3 bats
  A frilled lizard (D:1)
  5 rats
29 creatures vanquished.

Notes
Turn   | Place    | Note
-------+----------+-------------------------------------------
     0 | D:1      | Bnni the Spriggan Hexslinger began the quest for the Orb.
     0 | D:1      | Reached XP level 1. HP: 9/9 MP: 3/3
   124 | D:1      | Reached XP level 2. HP: 10/14 MP: 5/5
   172 | D:1      | Reached skill level 1 in Fighting
   248 | D:1      | Reached skill level 4 in Hexes
   930 | D:1      | Reached XP level 3. HP: 18/18 MP: 7/7
   934 | D:1      | Learned a level 3 spell: Inner Flame
  1182 | D:2      | Noticed Sigmund
  1240 | D:2      | Killed from afar by Sigmund

Illustrated notes

Levels and vault maps discovered:
D:1:      dpeg_arrival_ternary, layout_basic, nrook_loot_triangle
D:2:      wad_crossroads, layout_basic, palyth_stone_intersect, uniq_sigmund

Skill      XL: |  1  2 |
---------------+-------+-----
Fighting       | 1 |  1.1
Hexes          | 4 |  4.2
Spellcasting   | 2 |  2.0
Ranged Weapons | |  2.7
Dodging        | |  2.6

Action                     || total
---------------------------++-------
   Fire: Sling             ||    95
   Cast: Slow              ||     3
         Inner Flame       ||     1
 Armour: Robe              ||     3
  Dodge: Dodged            ||    26

Table legend: (Time is in decaauts)
 A = Elapsed time spent in this place.
 B = Non-inter-level travel time spent in this place.
 C = Inter-level travel time spent in this place.
 D = Time resting spent in this place.
 E = Time spent auto-exploring this place.
 F = Levels seen in this place.
 G = Mean time per level.
                   A        B        C        D        E       F      G
               +--------+--------+--------+--------+--------+-----+--------+
         Total |    856 |    802 |     54 |      0 |    583 |   2 |  428.0 |
       Dungeon |    856 |    802 |     54 |      0 |    583 |   2 |  428.0 |
               +--------+--------+--------+--------+--------+-----+--------+

Top non-repeatable levels by time:
     D:1: 741 daAuts
     D:2: 114 daAuts
